 Dungeon Crawl Stone Soup version 0.30-a0-737-gf23d94013f (webtiles) character file.

Game seed: 6992300166113520404

89392 arthad the Convoker (level 15, -7/69 HPs)
             Began as a Felid Summoner on Feb 1, 2023.
             Was an Initiate of Gozag.
             Mangled by a five-headed hydra (9 damage)
             ... on level 3 of the Swamp on Feb 3, 2023.
             The game lasted 02:55:58 (40648 turns).

arthad the Convoker (Felid Summoner)               Turns: 40648, Time: 02:55:59

Health: -7/69      AC:  3    Str:  4    XL:     15   Next: 49%
Magic:  7/41       EV: 39    Int: 28    God:    Gozag
Gold:   5555       SH:  0    Dex: 14    Spells: 5/38 levels left
                                        Lives:  0   Deaths: 4

rFire   + . .      SeeInvis +      - Unarmed
rCold   + . .      Faith    .    (shield unavailable)
rNeg    + + .      Spirit   .    (body armour unavailable)
rPois   .          Reflect  .    (helmet unavailable)
rElec   +          Harm     .    (cloak unavailable)
rCorr   +          Rampage  .    (gloves unavailable)
Will    +++..                    (boots unavailable)
Stlth   ++                       J - amulet of the acrobat
HPRegen 0.31/turn                H - ring "Copa" {rElec rF+ MP+9 Dex-4 Stlth+}
MPRegen 0.27/turn                I - ring "Jicwiot" {rN++ Will+ rCorr Int+5}

@: forested, acrobatic, very slow
A: very small, claws 1, fangs 3, see invisible, speed 1, shaggy fur 3, stealthy
paws, no weapons or thrown items, no armour, multi-lived
a: Renounce Religion, Potion Petition, Call Merchant, Bribe Branch


You were on level 3 of the Swamp.
You worshipped Gozag.
Gozag was greatly pleased with you.
You visited 5 branches of the dungeon, and saw 27 of its levels.
You also visited: Gauntlet.

You collected 9061 gold pieces.
You spent 962 gold pieces at shops.
You paid 2544 gold pieces to Gozag.

Inventory:

Jewellery
 m - a ring of flight
 n - a ring of ice
 q - a +5 ring of evasion
 s - a +4 ring of protection
 u - a ring of see invisible
 w - a +6 ring of dexterity
 B - a ring of positive energy
 G - a ring of magical power
 H - the ring "Copa" (left paw) {rElec rF+ MP+9 Dex-4 Stlth+}
   (You found it in a Gauntlet)

   [ring of magical power]

   Dex:       It affects your dexterity (-4).
   rF:        It protects you from fire.
   rElec:     It insulates you from electricity.
   MP:        It affects your magic capacity (+9).
   Stlth:     It makes you more stealthy.
 I - the ring "Jicwiot" (right paw) {rN++ Will+ rCorr Int+5}
   (You found it in a Gauntlet)

   [ring of willpower]

   Int:       It affects your intelligence (+5).
   rN:        It greatly protects you from negative energy.
   rCorr:     It protects you from acid and corrosion.
   Will:      It increases your willpower.
 J - an amulet of the acrobat (around neck)
 M - a ring of ice
 Q - a ring of wizardry
 R - a ring of magical power
 Z - an amulet of faith
Wands
 b - a wand of iceblast (18)
 A - a wand of mindburst (10)
 C - a wand of charming (31)
 P - a wand of flame (20)
Scrolls
 f - 5 scrolls of fog
 g - a scroll of fear
 i - 5 scrolls of magic mapping
 k - 6 scrolls of enchant weapon
 l - 3 scrolls of teleportation
 v - 4 scrolls of noise
 y - 2 scrolls of immolation
 z - 5 scrolls of brand weapon
 F - 5 scrolls of enchant armour
 S - a scroll of silence
 U - 3 scrolls of vulnerability
 V - a scroll of torment
 X - 4 scrolls of identify
Potions
 a - 2 potions of ambrosia
 c - a potion of lignification
 d - 9 potions of might
 e - 4 potions of brilliance
 h - a potion of flight
 j - a potion of resistance
 o - 4 potions of mutation
 r - a potion of haste
 t - 5 potions of attraction
 D - 3 potions of curing
 T - 2 potions of heal wounds
 W - 3 potions of berserk rage
 Y - 5 potions of degeneration
Miscellaneous
 N - a condenser vane (inert)
 O - a phantom mirror (inert)


   Skills:
 + Level 9.9 Fighting
 + Level 13.0 Dodging
 - Level 2.6 Stealth
 + Level 5.2 Unarmed Combat
 - Level 12.0 Spellcasting
 - Level 7.2 Hexes
 * Level 15.1 Summonings
 + Level 10.8 Translocations
 * Level 8.3 Transmutations
 * Level 12.6 Air Magic
 - Level 6.0 Evocations


You had 5 spell levels left.
You knew the following spells:

 Your Spells              Type           Power      Damage    Failure   Level
b - Call Imp              Summ           80%        N/A       0%          2
c - Call Canine Familiar  Summ           80%        N/A       1%          3
d - Summon Guardian Gole  Hex/Summ       68%        N/A       1%          3
e - Summon Lightning Spi  Summ/Air       76%        N/A       1%          4
f - Tukima's Dance        Hex            54%        N/A       1%          3
g - Summon Cactus Giant   Summ           40%        N/A       1%          6
h - Summon Forest         Summ/Tloc      37%        N/A       1%          5
i - Summon Hydra          Summ           40%        N/A       5%          7

Your spell library contained the following spells:

 Spells                   Type           Power      Damage    Failure   Level
 Summon Small Mammal      Summ           100%       N/A       0%          1
 Apportation              Tloc           100%       N/A       1%          1
 Wereblood                Tmut           59%        N/A       1%          2
 Gell's Gravitas          Tloc           67%        N/A       1%          3
 Kindle Blastsparks       Fire/Tloc/Air  100%       2d18      1%          3
 Teleport Other           Tloc           67%        N/A       1%          3
 Dazzling Flash           Conj/Hex       72%        N/A       2%          3
 Inner Flame              Hex/Fire       36%        N/A       2%          3
 Magic Dart               Conj           64%        1d6       3%          1
 Necrotise                Necr           64%        1d7       3%          1
 Ignite Poison            Fire/Tmut/Pois 32%        N/A       3%          3
 Iskenderun's Mystic Bla  Conj/Tloc      47%        2d10      3%          4
 Blade Hands              Tmut           29%        N/A       3%          5
 Searing Ray              Conj           32%        2d5       4%          2
 Sublimation of Blood     Necr           16%        N/A       4%          2
 Fulminant Prism          Conj/Hex       18%        3d10      8%          4
 Leda's Liquefaction      Hex/Erth       18%        N/A       8%          4
 Ozocubu's Armour         Ice            16%        N/A       10%         3
 Freezing Cloud           Conj/Ice/Air   20%        6-21      16%         5
 Metabolic Englaciation   Hex/Ice        18%        N/A       21%         5
 Flame Wave               Conj/Fire      16%        2d7       32%         4
 Sticky Flame             Conj/Fire      16%        2d4       32%         4
 Borgnjor's Vile Clutch   Necr/Erth      8%         N/A       65%         5
 Dispersal                Tloc           33%        N/A       6%          6
 Storm Form               Tmut/Air       33%        N/A       36%         7
 Death Channel            Necr           8%         N/A       99%         6
 Starburst                Conj/Fire      8%         6d4       99%         6
 Ignition                 Fire           8%         3d5       100%        8
 Portal Projectile        Hex/Tloc       Unusable   N/A       N/A         3
 Animate Dead             Necr           Unusable   N/A       N/A         4
 Simulacrum               Ice/Necr       Unusable   N/A       N/A         6

Dungeon Overview and Level Annotations

Branches:
Dungeon (15/15)            Temple (1/1) D:6            Lair (5/5) D:9
  Swamp (4/4) Lair:3       Spider (0/4) Lair:3        Slime (0/5) Lair:5
    Orc (2/2) D:12            Elf (0/3) Orc:2        Vaults (0/5) D:13
Gauntlet (visited)
 Depths: D:15

Altars:
Ashenzari
Cheibriados
Dithmenos
Elyvilon
Fedhas
Gozag
Hepliaklqana
Kikubaaqudgha
Makhleb
Nemelex Xobeh
Okawaru
Qazlal
Ru
Sif Muna
Trog
Uskayaw
Vehumet
Wu Jian
Xom
Yredelemnul
Zin
The Shining One
Jiyva

Shops:
D:6 [([   D:11 *   D:14 !   Orc:2 *[[(   Lair:1 :!

Portals:
Trove: D:13 (give 5 scrolls of blinking)

Annotations:
D:8 3 runed translucent doors, Darius099's ghost, novice HuCj
D:15 Nessos
Lair:1 2 transporters, avis's ghost, novice DgHu
Swamp:2 3 runed translucent doors, y3s's ghost, adept MiBe
Swamp:3 1 runed translucent door
Swamp:4 Lernaean hydra


Innate Abilities, Weirdness & Mutations

You have sharp claws.
You have razor-sharp teeth.
You have supernaturally acute eyesight. (SInv)
You cover ground quickly. (Speed+)
Your thick and shaggy fur keeps you warm. (AC +3, rC+)
Your paws help you pounce on unaware monsters.
You are incapable of wielding weapons or throwing items.
You cannot wear armour.
You gain extra lives every three experience levels.


Message History

Okay, then.
Okay, then.
Casting: Summon Guardian Golem (safe; 1% risk of failure)
Confirm with . or Enter, or press ? or * to list all spells.
A forested plane collides here with a resounding crunch!
Your dryad calls out to the forest.
The forest starts to sway and rumble!
The five-headed hydra closely misses you.
The five-headed hydra bites you but does no damage.
The five-headed hydra bites you.
The five-headed hydra closely misses you.
The five-headed hydra misses you. x2; The five-headed hydra bites you. x2
The five-headed hydra barely misses you.
The five-headed hydra completely misses you.
The five-headed hydra completely misses you.
The five-headed hydra misses you.
The five-headed hydra completely misses you.
The five-headed hydra bites you!
The five-headed hydra completely misses you.
You enter the shallow water.
Moving in this stuff is going to be slow.
Your dryad calls out to the forest.
Vines fly forth from the trees!
The five-headed hydra attacks as you move away!
The five-headed hydra completely misses you. x2
The five-headed hydra closely misses you.
The five-headed hydra misses you.
The five-headed hydra completely misses you.
Your dryad hits the five-headed hydra.
The five-headed hydra completely misses you. x4
The five-headed hydra misses you.
Your snaplasher vine hits the five-headed hydra.
The five-headed hydra bites you!
* * * LOW HITPOINT WARNING * * *
The five-headed hydra bites you!
* * * LOW HITPOINT WARNING * * *
The five-headed hydra completely misses you. x6
The five-headed hydra misses you. The five-headed hydra bites you!
You die...
Your body crumbles into a pile of gold.

♣♣~~.♣ ♣..♣.~.♣♣♣♣~♣♣ ♣♣♣♣.
♣.~~.♣♣♣~♣.~~~♣ ♣♣♣ ♣♣..
♣.~~~♣~♣.~.~~Λ♣ ♣♣♣..P
♣♣<~...~...~/.♣♣♣♣♣♣♣♣~.§..
♣♣♣.♣~~.../...>~.~~♣♣~.~~.
♣♣~~~~.w..~~~.~~~♣♣♣.~~.
♣...w~R~~~~~.~~~.♣.~~~~
♣♣./~~DD~~~..~~~.♣.~~~~
♣<~~~@w~§~~.~~~§♣.~~~~
♣.>§~~│~~~~..~~.♣.~~§~
♣♣♣♣~.>.│§~~...~~♣.~~.~
♣♣♣♣.~~...~♣.♣......♣...~~
♣~~~.~§~.~♣♣♣~.§..♣♣♣♣♣)~~
♣♣~~....♣♣♣♣♣♣♣~♣♣♣ ♣~..~
♣..~♣♣♣♣♣§~♣♣~♣♣ ♣♣♣.~
♣♣♣♣♣♣♣~~...~~~♣♣♣ ♣♣~
♣....~~♣.~~~.~♣♣ ♣♣


You could see 2 five-headed hydras, a friendly dryad (summoned) and 3 friendly
snaplasher vines.

Vanquished Creatures
  An alligator (Swamp:4)
  A two-headed ogre (Orc:2)
  An orc sorcerer (Orc:2)
  4 nameless horrors
  A gargoyle (Gauntlet)
  A slime creature (D:12)
  A spriggan (Lair:5)
  A centaur (D:9)
  A bullfrog (Lair:2)
  A killer bee (D:8)
  An electric eel (D:6)
  3 gnolls
  A white imp (Gauntlet)
  2 orcs
  2 ball pythons
  An endoplasm (D:1)
23 creatures vanquished.

Vanquished Creatures (collateral kills)
  Nikola (Swamp:4)
  Gastronok (Lair:2)
  Donald (Orc:2)
  A fenstrider witch (Swamp:2)
  2 eleionomae
  3 bunyips
  An ettin (Orc:2)
  A shambling mangrove (Swamp:4)
  15 hydras
  A vault guard (D:13)
  2 ogre magi (Orc:2)
  2 catoblepae
  4 centaur warriors (D:13)
  4 boulder beetles
  5 alligators
  2 tengu warriors
  6 two-headed ogres (Orc:2)
  3 skeletal warriors (D:14)
  4 goliath frogs
  10 swamp dragons
  Lodul (D:13)
  4 spriggan druids
  2 deep trolls (Orc:2)
  2 orc knights (D:14)
  3 ugly things (D:14)
  10 cyclopes
  5 will-o-the-wisps
  4 deep elf pyromancers
  2 orc sorcerers
  3 manticores
  9 elephants (Lair:5)
  4 black mambas
  16 cane toads
  3 gargoyles
  3 rime drakes
  8 komodo dragons
  An unseen horror (D:10)
  Psyche (D:9)
  2 freezing wraiths (D:14)
  4 polar bears
  9 trolls
  6 tyrant leeches
  9 hornets
  6 dream sheep (Lair:3)
  13 blink frogs
  13 slime creatures
  A spriggan (shapeshifter) (D:14)
  A culicivora (Lair:3)
  5 shadows
  17 spriggans
  4 wraiths
  28 yaks
  4 nameless horrors
  A basilisk (Lair:5)
  2 vampires
  2 centaur simulacra
  7 wyverns
  5 humans (D:13)
  3 steam dragons
  7 vampire mosquitoes
  5 acid dragons
  16 swamp worms
  A warg (Orc:1)
  14 water moccasins
  12 swamp drakes
  16 orc warriors
  5 black bears
  An ice beast (D:6)
  26 ogres
  34 wolves
  4 boggarts (Lair:5)
  5 centaurs
  6 kobold brigands
  3 phantoms
  A necrophage (D:8)
  13 bullfrogs
  A gnoll sergeant (D:8)
  3 scorpions
  3 wights
  3 killer bees (D:8)
  An electric eel (Lair:1)
  5 howler monkeys
  A gnoll bouda (D:9)
  7 hounds
  2 jellies
  16 orc priests
  7 iguanas
  18 orc wizards
  13 gnolls
  5 adders
  A shadow imp (D:6)
  4 white imps
  An ufetubus (D:5)
  4 worms
  2 dart slugs
  72 orcs
  2 endoplasms (D:2)
  A giant cockroach (D:1)
  9 goblins
  7 hobgoblins
  2 jackals (D:1)
  2 quokkas
  4 ball pythons
  2 bats
  42 kobolds
  7 rats
  A bush (Lair:5)
709 creatures vanquished.

Vanquished Creatures (others)
  Jorgrun (D:12)
  A minotaur (Gauntlet)
  A blizzard demon (Gauntlet)
  2 hydras
  A catoblepas (Gauntlet)
  A death knight (D:14)
  5 two-headed ogres
  A tengu warrior (D:12)
  A skeletal warrior (D:14)
  A will-o-the-wisp (Swamp:4)
  A cyclops (D:13)
  2 ugly things
  A cane toad (Lair:1)
  A gargoyle (D:10)
  A guardian mummy (D:13)
  A troll (D:12)
  Prince Ribbit (D:8)
  A hornet (Lair:5)
  5 slime creatures
  2 culicivoras (Lair:3)
  5 yaks
  2 spriggans (Lair:5)
  A basilisk (D:9)
  6 humans (D:13)
  2 water moccasins (D:9)
  A swamp worm (Swamp:3)
  An orc warrior (D:12)
  2 ice beasts
  3 black bears
  2 ogres (Orc:2)
  4 centaurs
  5 wolves
  A scorpion (D:6)
  5 wights
  2 killer bees (D:8)
  2 orc priests
  A hound (D:7)
  A gnoll bouda (D:5)
  An orc wizard (D:6)
  A gnoll (D:5)
  2 orcs (D:6)
  20 foxfires
  41 fungi
  111 plants
  A snaplasher vine (Swamp:2)
254 creatures vanquished.

Grand Total: 986 creatures vanquished

Notes
Turn   | Place    | Note
-------+----------+-------------------------------------------
     0 | D:1      | arthad the Felid Summoner began the quest for the Orb.
     0 | D:1      | Reached XP level 1. HP: 7/7 MP: 4/4
   223 | D:1      | Reached XP level 2. HP: 11/11 MP: 4/6
   624 | D:1      | Learned a level 2 spell: Call Imp
   835 | D:1      | Reached skill level 5 in Summonings
   865 | D:1      | Reached XP level 3. HP: 14/14 MP: 2/7
  1137 | D:2      | Found a hazy altar of Hepliaklqana.
  1480 | D:2      | Found a faded altar of an unknown god.
  1816 | D:2      | Reached XP level 4. HP: 18/18 MP: 4/8
  1986 | D:3      | Learned a level 3 spell: Call Canine Familiar
  2576 | D:3      | Found a broken altar of Ashenzari.
  3057 | D:3      | Reached skill level 1 in Hexes
  3402 | D:4      | Noticed a bullfrog
  3412 | D:4      | Killed a bullfrog
  3413 | D:4      | Reached XP level 5. HP: 21/21 MP: 1/9
  3611 | D:4      | Noticed a phantom
  3639 | D:4      | Slain by a phantom
  3640 | D:4      | Reached XP level 4. HP: 0/18 MP: 1/8
  3994 | D:4      | Found a snail-covered altar of Cheibriados.
  4295 | D:4      | Killed a phantom
  4296 | D:4      | Reached skill level 1 in Fighting
  4296 | D:4      | Reached skill level 6 in Summonings
  4296 | D:4      | Reached XP level 5. HP: 22/22 MP: 2/10
  4489 | D:4      | Found a bloodstained altar of Trog.
  4534 | D:4      | Reached skill level 1 in Air Magic
  4653 | D:4      | Gained mutation: You are covered in thick fur. (AC +2)
                  | [Felid growth]
  4653 | D:4      | Reached XP level 6. HP: 21/25 MP: 6/11
  4735 | D:4      | Learned a level 3 spell: Summon Guardian Golem
  4740 | D:5      | Entered Level 5 of the Dungeon
  5016 | D:5      | Noticed an ice beast
  5070 | D:5      | Killed an ice beast
  5071 | D:5      | Reached XP level 7. HP: 2/29 MP: 1/13
  5602 | D:5      | Reached skill level 5 in Hexes
  6417 | D:6      | Found Gywop's Antique Armour Emporium.
  6427 | D:6      | Found Liodon's Weapon Shoppe.
  6429 | D:6      | Found Kirrofre's Antique Armour Boutique.
  6441 | D:6      | Reached skill level 7 in Summonings
  6453 | D:6      | Reached XP level 8. HP: 12/34 MP: 6/15
  6545 | D:6      | Found a staircase to the Ecumenical Temple.
  6698 | D:6      | Found a sacrificial altar of Ru.
  6698 | D:6      | Found a shimmering altar of Xom.
  6699 | D:6      | Found a blossoming altar of Fedhas.
  6701 | D:6      | Found a stormy altar of Qazlal.
  6782 | Temple   | Entered the Ecumenical Temple
  7171 | D:6      | Identified the +4 flail of Anger {heavy, Str+2 Int+2
                  | Stlth+}
  7367 | D:6      | Found a hide-covered altar of Uskayaw.
  7382 | D:6      | Learned a level 4 spell: Summon Lightning Spire
  7435 | D:6      | Reached skill level 5 in Dodging
  7683 | D:6      | Reached skill level 5 in Spellcasting
  8338 | D:7      | Identified the +1 robe of Ufemal {rF+}
  8614 | D:7      | Reached XP level 9. HP: 35/38 MP: 8/17
  8839 | D:7      | Identified the +1 robe of the Valley of Death {-Cast rF+
                  | rCorr Str+5}
  8932 | D:7      | Reached skill level 8 in Summonings
 10305 | D:8      | Slain by a killer bee
 10306 | D:8      | Reached XP level 8. HP: -1/36 MP: 18/18
 10539 | D:8      | Found a shadowy altar of Dithmenos.
 10718 | D:8      | Noticed Prince Ribbit
 10721 | D:8      | Killed Prince Ribbit
 10722 | D:8      | Reached XP level 9. HP: 39/39 MP: 5/19
 11044 | D:8      | Found a runed translucent gate.
 11044 | D:8      | Found a runed translucent gate.
 11045 | D:8      | Found a runed translucent gate.
 11045 | D:8      | Noticed Darius099's ghost (novice HuCj)
 11156 | D:9      | Noticed Psyche
 11163 | D:9      | Reached skill level 9 in Summonings
 11163 | D:9      | Reached skill level 5 in Air Magic
 11176 | D:9      | Killed Psyche
 11844 | D:9      | Found a white marble altar of Elyvilon.
 11880 | D:9      | Reached skill level 5 in Fighting
 11880 | D:9      | Reached XP level 10. HP: 40/44 MP: 6/21
 12128 | D:9      | Found a staircase to the Lair.
 12227 | D:9      | Found an opulent altar of Gozag.
 12313 | D:9      | Became a worshipper of Gozag Ym Sagoz the Greedy
 12588 | D:10     | Entered Level 10 of the Dungeon
 13049 | D:10     | Found a sparkling altar of Nemelex Xobeh.
 13134 | D:10     | Noticed a two-headed ogre
 13146 | D:10     | Killed a two-headed ogre
 13147 | D:10     | Reached skill level 10 in Summonings
 13297 | D:10     | Noticed a gargoyle
 13307 | D:10     | Killed a gargoyle
 13658 | D:10     | Found a burning altar of Makhleb.
 13984 | D:11     | Noticed a cyclops
 14001 | D:11     | Killed a cyclops
 14130 | D:11     | Learned a level 3 spell: Tukima's Dance
 14171 | D:11     | Found Woudic's Assorted Antiques.
 14241 | D:11     | Bought a scroll labelled UNOHOY OLIENNE for 37 gold pieces
 14241 | D:11     | Bought a scroll labelled UNOHOY OLIENNE for 37 gold pieces
 14241 | D:11     | Bought a scroll labelled RINONA SEOFUO for 37 gold pieces
 14241 | D:11     | Bought a potion of curing for 111 gold pieces
 14268 | D:11     | Noticed a manticore
 14279 | D:11     | Killed a manticore
 14280 | D:11     | Reached XP level 11. HP: 48/48 MP: 5/24
 14487 | D:11     | You fall into a shaft and drop 3 floors!
 14515 | D:14     | Noticed a death knight
 14522 | D:14     | Killed a death knight
 14531 | D:14     | Noticed an orc sorcerer
 14550 | D:14     | Noticed an orc knight
 14767 | D:13     | Found a gate leading to a gauntlet.
 14801 | Gauntlet | Entered a Gauntlet
 14801 | Gauntlet | Found a transporter.
 14801 | Gauntlet | Found a transporter.
 14841 | Gauntlet | Noticed a catoblepas
 14852 | Gauntlet | Found a transporter.
 14879 | Gauntlet | Noticed a blizzard demon
 14882 | Gauntlet | Found a transporter.
 14882 | Gauntlet | Found a transporter.
 14882 | Gauntlet | Found a transporter.
 14884 | Gauntlet | Found a transporter.
 14884 | Gauntlet | Found a transporter.
 14899 | Gauntlet | Found a transporter.
 14909 | Gauntlet | Noticed a death scarab
 14912 | Gauntlet | Found a transporter.
 14915 | Gauntlet | Noticed a death scarab
 14920 | Gauntlet | Noticed a reaper
 14921 | Gauntlet | Found a transporter.
 14925 | Gauntlet | Found a runed translucent door.
 14939 | Gauntlet | Found a transporter.
 14956 | Gauntlet | Found a transporter.
 14970 | Gauntlet | Found a transporter.
 15057 | Gauntlet | Killed a catoblepas
 15266 | Gauntlet | Identified the ring "Copa" {rElec rF+ MP+9 Dex-4 Stlth+}
 15280 | Gauntlet | Killed a blizzard demon
 15455 | Gauntlet | Identified the ring "Jicwiot" {rN++ Will+ rCorr Int+5}
 15548 | Gauntlet | Noticed a minotaur
 15564 | Gauntlet | Killed a minotaur
 15565 | Gauntlet | Reached skill level 11 in Summonings
 15665 | Gauntlet | Got the Textbook on Production and Calefaction
 15696 | D:13     | Learned a level 6 spell: Summon Cactus Giant
 15702 | D:13     | Learned a level 5 spell: Summon Forest
 15754 | D:13     | Reached skill level 1 in Evocations
 15754 | D:13     | Noticed a white ugly thing
 15765 | D:13     | Killed a white ugly thing
 15766 | D:13     | Reached skill level 1 in Translocations
 15790 | D:13     | Noticed a centaur warrior
 15793 | D:13     | Killed a centaur warrior
 16095 | D:13     | Noticed an eight-headed hydra
 16106 | D:13     | Killed an eight-headed hydra
 16173 | D:13     | Noticed Lodul
 16197 | D:13     | Killed Lodul
 16198 | D:13     | Gained mutation: Your thick and shaggy fur keeps you warm.
                  | (AC +3, rC+) [Felid growth]
 16198 | D:13     | Reached XP level 12. HP: 53/53 MP: 19/26
 16378 | D:13     | Identified the +5 ring mail of Fesugorr {Int+2}
 16378 | D:13     | Noticed a tengu warrior
 16397 | D:13     | Killed a tengu warrior
 16538 | D:13     | Noticed a centaur warrior
 16542 | D:13     | Shot with an arrow by a centaur warrior
 16543 | D:13     | Reached XP level 11. HP: -4/49 MP: 25/34
 16567 | D:13     | Killed a centaur warrior
 16571 | D:13     | Noticed a deep elf pyromancer
 16572 | D:13     | Noticed a vault guard
 16579 | D:13     | Killed a deep elf pyromancer
 16588 | D:13     | Killed a vault guard
 16592 | D:13     | Noticed a centaur warrior
 16601 | D:13     | Killed a centaur warrior
 16605 | D:13     | Noticed a two-headed ogre
 16773 | D:12     | Noticed a boulder beetle
 16820 | D:12     | Killed a boulder beetle
 16821 | D:12     | Reached skill level 12 in Summonings
 16828 | D:12     | Reached skill level 10 in Dodging
 16833 | D:12     | Reached XP level 12. HP: 31/54 MP: 1/26
 16837 | D:12     | Reached skill level 10 in Spellcasting
 16855 | D:12     | Reached skill level 5 in Translocations
 17780 | D:12     | Found a staircase to the Orcish Mines.
 18010 | D:12     | Noticed a tengu warrior
 18094 | D:12     | Killed a tengu warrior
 18171 | D:12     | Found the +18 Lear's hauberk
 18211 | D:12     | Noticed Jorgrun
 18266 | D:12     | Killed Jorgrun
 19179 | D:12     | Killed a two-headed ogre
 19597 | D:13     | Noticed a catoblepas
 19608 | D:13     | Killed a catoblepas
 19769 | D:13     | Found a gate to the Vaults.
 19971 | D:13     | Noticed an eight-headed hydra
 19976 | D:13     | Killed an eight-headed hydra
 20056 | D:13     | Found a portal to a secret trove of treasure.
 20259 | D:13     | Noticed a centaur warrior
 20268 | D:13     | Killed a centaur warrior
 20898 | D:14     | Found Puompoj's Distillery.
 20918 | D:14     | Reached XP level 13. HP: 58/58 MP: 24/28
 20942 | D:14     | Reached skill level 5 in Evocations
 21131 | D:14     | Reached skill level 10 in Air Magic
 21269 | D:14     | Bought a potion of curing for 48 gold pieces
 21269 | D:14     | Bought a potion of heal wounds for 80 gold pieces
 21269 | D:14     | Bought a potion of curing for 48 gold pieces
 22182 | D:14     | Reached skill level 13 in Summonings
 22497 | D:15     | Entered Level 15 of the Dungeon
 22498 | D:15     | Noticed Nessos
 22646 | Lair:1   | Entered Level 1 of the Lair of Beasts
 24076 | Lair:1   | Found a transporter.
 24084 | Lair:1   | Noticed avis's ghost (novice DgHu)
 24222 | Lair:1   | Found a transporter.
 24696 | Lair:1   | Bought a potion of heal wounds for 60 gold pieces
 24696 | Lair:1   | Bought a potion of curing for 36 gold pieces
 24696 | Lair:1   | Bought a potion of curing for 36 gold pieces
 24699 | Lair:1   | Bought the Directory of the Sky for 432 gold pieces
 24699 | Lair:1   | Upgraded the game from 0.30-a0-728-gc68057be0a to
                  | 0.30-a0-737-gf23d94013f
 25249 | Lair:2   | Noticed Gastronok
 25270 | Lair:2   | Killed Gastronok
 25271 | Lair:2   | Reached skill level 1 in Transmutations
 25964 | Lair:2   | Reached XP level 14. HP: 63/63 MP: 20/30
 26634 | Lair:3   | Found a hole to the Spider Nest.
 26647 | Lair:3   | Reached skill level 1 in Unarmed Combat
 27273 | Lair:3   | Found a staircase to the Swamp.
 28578 | Lair:4   | Identified a scroll of acquirement
 28581 | Lair:4   | Acquired a book of Blood
 28593 | Lair:4   | Learned a level 7 spell: Summon Hydra
 29308 | Lair:5   | Entered Level 5 of the Lair of Beasts
 29370 | Lair:5   | Found a viscous altar of Jiyva.
 29372 | Lair:5   | Found a staircase to the Slime Pits.
 32351 | Orc:1    | Entered Level 1 of the Orcish Mines
 32386 | Orc:1    | Reached skill level 14 in Summonings
 32790 | Orc:2    | Entered Level 2 of the Orcish Mines
 32795 | Orc:2    | Reached skill level 5 in Transmutations
 32809 | Orc:2    | Reached XP level 15. HP: 67/67 MP: 14/31
 32884 | Orc:2    | Found a staircase to the Elven Halls.
 32889 | Orc:2    | Found Jyodio's Weapon Shoppe.
 32895 | Orc:2    | Found Beilanei's Antique Armour Emporium.
 32896 | Orc:2    | Found Iso Lepp's Armour Shoppe.
 32897 | Orc:2    | Found Jilaabep's General Store.
 33409 | Orc:2    | Noticed Donald
 33426 | Orc:2    | Killed Donald
 34798 | Swamp:1  | Entered Level 1 of the Swamp
 35167 | Swamp:1  | Annihilated by a bunyip
 35168 | Swamp:1  | Reached XP level 14. HP: -32/64 MP: 14/40
 36903 | Swamp:2  | Reached skill level 10 in Translocations
 37233 | Swamp:2  | Noticed a ghoul
 37236 | Swamp:2  | Found a runed translucent gate.
 37236 | Swamp:2  | Noticed a tentacled monstrosity
 37236 | Swamp:2  | Noticed a thorn hunter
 37240 | Swamp:2  | Noticed a ghoul
 37242 | Swamp:2  | Noticed y3s's ghost (adept MiBe)
 37264 | Swamp:2  | Found a runed translucent gate.
 37264 | Swamp:2  | Found a runed translucent gate.
 38030 | Swamp:2  | Noticed a fenstrider witch
 38038 | Swamp:2  | Killed a fenstrider witch
 38039 | Swamp:2  | Reached XP level 15. HP: 68/68 MP: 0/32
 38631 | Swamp:3  | Found a frozen archway.
 39104 | Swamp:3  | Found a runed translucent door.
 39333 | Swamp:4  | Entered Level 4 of the Swamp
 39350 | Swamp:4  | Noticed Nikola
 39378 | Swamp:4  | Killed Nikola
 39428 | Swamp:4  | Reached skill level 5 in Unarmed Combat
 39428 | Swamp:4  | Reached skill level 15 in Summonings
 40606 | Swamp:4  | Noticed the 27-headed Lernaean hydra
 40648 | Swamp:3  | HP: 2/69 [five-headed hydra (13)]
 40648 | Swamp:3  | Mangled by a five-headed hydra

Illustrated notes

Levels and vault maps discovered:
D:1:      heliophobic_arrival_ceremonial_halls, layout_loops_cross,
          minmay_pentomino_r2
D:2:      layout_rooms, basic_ecumenical_altar, basic_altar
D:3:      layout_loops_corners, amcnicky_altar_gilded, minmay_misc_feat_rugged,
          nrook_campfire
D:4:      layout_loops_ring, chei_slow_surprise, nicolae_overflow_crystal_walls,
          nicolae_eternal_life, kennysheep_path_1
D:5:      layout_loops_ring, dreamdust_wishing_well, minmay_crystal_water
D:6:      layout_loops_ring, nicolae_uskayaw_dance_studio,
          grunt_temple_overflow_open, minmay_temple_entry_overgrown,
          nicolae_wooded_promenade, serial_bayou_lagoon_a, minmay_diced_spiral
D:7:      layout_layer_cave, st_stairs_10, serial_bayou_crossing
D:8:      layout_cave_pools, overflow_temple_1_default,
          ebering_ghost_rock_garden, minmay_fountain_box, st_stairs_12,
          uniq_prince_ribbit1
D:9:      layout_rooms, kennysheep_little_box,
          nicolae_gozag_cash_rules_everything_around_me,
          minmay_lair_entry_grove, hangedman_decor_clover_reticule, minmay_puff,
          uniq_psyche
D:10:     layout_stronghold, mainiacjoe_overflow_large_starburst,
          grunt_decor_fettered
D:11:     layout_roguey, serial_shops, shop, uniq_nergalle
D:12:     layout_loops_ring, hiddenorc2_lemuel, nicolae_water_bricks,
          hellmonk_guarded_unrand_lears, uniq_jorgrun
D:13:     minmay_the_grid_octo_tiled_squarecenter_mashed
          [minmay_the_grid_octo_thin_diamonds, minmay_the_grid_octo_empty,
          minmay_the_grid_octo_fat_diamond, minmay_the_grid_octo_chip,
          minmay_the_grid_square_5x5_megaprize_checkered,
          minmay_the_grid_square_5x5_eight_small,
          minmay_the_grid_square_5x5_minimal,
          minmay_the_grid_square_5x5_shrine2,
          minmay_the_grid_square_5x5_n_small], layout_loops_corners,
          ximxim_vaults_locker_room, nicolae_trove_entry_path_of_doom,
          gauntlet_entry_generic, uniq_lodul
D:14:     layout_irregular_city, serial_shops, nicolae_shop_waterfront,
          chequers_serial_rivers_large_a, minmay_orc_keep
D:15:     gammafunk_enter_depths_forms, layout_basic, uniq_roxanne, uniq_louise,
          uniq_nessos
Temple:   nicolae_temple_cloud_nine
Lair:1:   layout_layer_cave, gammafunk_ghost_berserking_beasts,
          serial_bayou_shore_a
Lair:2:   beast_lair_carwin_large_3, layout_regular_city, fungi_pond_lemuel,
          uniq_gastronok
Lair:3:   layout_regular_city, swamp_mist, hellmonk_spider_entry_life_and_decay,
          chequers_serial_rivers_micro_c
Lair:4:   layout_roguey, serial_bayou_pond_d
Lair:5:   minmay_lair_end_enchanted_forest, layout_big_grid, slime_entry_1
Swamp:1:  layout_basic_swamp, evilmike_swamp_ruin_house_5, swamp_pool5
Swamp:2:  layout_basic_swamp, gammafunk_ghost_split,
          evilmike_swamp_ruin_house_4, swamp_pool1, grunt_witch_cave
Swamp:3:  gammafunk_mikee_crab_dinner, layout_basic_swamp,
          portal_ice_cave_entry_pillars_four, nicolae_swamp_fairy_circle,
          swamp_pool5
Swamp:4:  swamp_old_school, layout_basic_swamp, uniq_nikola
Orc:1:    layout_caves
Orc:2:    st_orc_open, layout_caves, basic_altar, uniq_donald

Skill      XL: |  1  2  3  4  5  6  7  8  9 10 11 12 13 14 15 |
---------------+----------------------------------------------+-----
Summonings     | 5 6 7 9 10 12 13 14 15 | 15.1
Hexes          | 2 3 4 5 7 |  7.2
Dodging        | 3 4 5 7 8 10 11 13 | 13.0
Fighting       | 1 2 3 5 7 8 9 |  9.9
Air Magic      | 1 2 3 5 6 9 10 12 | 12.6
Spellcasting   | 3 4 5 7 8 9 10 11 12 | 12.0
Evocations     | 3 4 6 |  6.0
Translocations | 4 6 7 10 | 10.8
Transmutations | 1 7 8 |  8.3
Unarmed Combat | 3 5 |  5.2
Stealth        | |  2.6

Action                     |  1- 3 |  4- 6 |  7- 9 | 10-12 | 13-15 || total
---------------------------+-------+-------+-------+-------+-------++-------
  Melee: Unarmed           |    10 |    23 |    27 |    13 |    42 ||   115
         Bite              |       |     2 |     3 |     2 |    12 ||    19
         Punch             |       |       |       |       |     4 ||     4
   Cast: Summon Small Mamm |    63 |    34 |    34 |    11 |     2 ||   144
         Call Imp          |    16 |    18 |    32 |    11 |    18 ||    95
         Call Canine Famil |       |    27 |    53 |    63 |    96 ||   239
         Summon Guardian G |       |     6 |    48 |    79 |    80 ||   213
         Summon Lightning  |       |       |    36 |   115 |   188 ||   339
         Summon Cactus Gia |       |       |       |    35 |   159 ||   194
         Summon Forest     |       |       |       |     1 |    34 ||    35
         Summon Hydra      |       |       |       |       |    83 ||    83
 Invoke: Potion Petition   |       |       |       |     1 |     1 ||     2
         Call Merchant     |       |       |       |       |     2 ||     2
  Evoke: Wand              |       |       |     3 |    15 |    12 ||    30
         Condenser vane    |       |       |       |       |     2 ||     2
         Phantom mirror    |       |       |       |       |     1 ||     1
    Use: Potion            |       |     2 |     7 |     2 |    13 ||    24
         Scroll            |       |       |     9 |    14 |    16 ||    39
   Stab: Distracted        |       |       |     1 |     1 |     2 ||     4
 Armour: Skin              |       |     2 |    21 |     3 |    13 ||    39
  Dodge: Dodged            |    21 |    34 |   115 |    86 |   295 ||   551

Table legend: (Time is in decaauts)
 A = Elapsed time spent in this place.
 B = Non-inter-level travel time spent in this place.
 C = Inter-level travel time spent in this place.
 D = Time resting spent in this place.
 E = Time spent auto-exploring this place.
 F = Levels seen in this place.
 G = Mean time per level.
                   A        B        C        D        E       F      G
               +--------+--------+--------+--------+--------+-----+--------+
         Total |  37387 |  36475 |    912 |   3773 |  25141 |  28 | 1335.2 |
       Dungeon |  20114 |  19493 |    621 |   1392 |  14035 |  15 | 1340.9 |
        Temple |     37 |     37 |      0 |      0 |     28 |   1 |   37.0 |
          Lair |   8753 |   8518 |    235 |    161 |   6763 |   5 | 1750.6 |
         Swamp |   5725 |   5706 |     19 |   1894 |   2773 |   4 | 1431.2 |
  Orcish Mines |   1960 |   1925 |     35 |    194 |   1188 |   2 |  980.0 |
      Gauntlet |    795 |    795 |      0 |    132 |    351 |   1 |  795.0 |
               +--------+--------+--------+--------+--------+-----+--------+

Top non-repeatable levels by time:
    D:12: 2602 daAuts
  Lair:5: 2587 daAuts
    D:14: 2244 daAuts
    D:13: 1994 daAuts
  Lair:1: 1890 daAuts
     D:7: 1752 daAuts
 Swamp:2: 1700 daAuts
 Swamp:1: 1669 daAuts
     D:6: 1663 daAuts
  Lair:2: 1523 daAuts
  Lair:4: 1486 daAuts
     D:9: 1471 daAuts
     D:5: 1453 daAuts
  Lair:3: 1265 daAuts
     D:3: 1221 daAuts
